 Dungeon Crawl Stone Soup version 0.30-a0-782-ge64f9170bb (webtiles) character file.

Game seed: 9254900604779020266

59 Leeroy the Insei (level 4, -2/28 HPs)
             Began as an Octopode Transmuter on Feb 22, 2023.
             Was an Initiate of Wu Jian.
             Slain by Grinder (7 damage)
             ... on level 4 of the Dungeon.
             The game lasted 00:01:27 (1206 turns).

Leeroy the Insei (Octopode Transmuter)              Turns: 1206, Time: 00:01:27

Health: -2/28      AC:  1    Str:  9    XL:     4   Next: 3%
Magic:  6/7        EV: 13    Int: 17    God:    Wu Jian [......]
Gold:   92         SH:  0    Dex: 12    Spells: 6/7 levels left

rFire   . . .      SeeInvis .      - Unarmed
rCold   . . .      Faith    .    (no shield)
rNeg    . . .      Spirit   .    (helmet currently unavailable)
rPois   .          Reflect  .    (no amulet)
rElec   .          Harm     .    (no ring)
rCorr   .          Rampage  .    (no ring)
Will    .....                    (no ring)
Stlth   ++                       (no ring)
HPRegen 0.24/turn                (no ring)
MPRegen 0.10/turn                (no ring)
                                 (no ring)
                                 (no ring)

@: appendages
A: tentacle spike 3, almost no armour, amphibious, 8 rings, camouflage 1,
gelatinous body 1, (nimble swimmer 1), tentacles
a: End Transformation, Renounce Religion


You were on level 4 of the Dungeon.
You worshipped Wu Jian.
Wu Jian was noncommittal.
One of your tentacles had grown a beastly spike.
You visited 2 branches of the dungeon, and saw 4 of its levels.

You collected 92 gold pieces.

Inventory:

Scrolls
 b - a scroll of immolation {unknown}
 e - a scroll of teleportation {unknown}
 f - a scroll of identify {unknown}
 g - a scroll of butterflies {unknown}
 j - a scroll of poison {unknown}
Potions
 a - 2 potions of lignification
 c - a potion of heal wounds {unknown}
 d - a potion of curing {unknown}
 h - a potion of berserk rage {unknown}
 i - 3 potions of resistance {unknown}


   Skills:
 - Level 1.0 Fighting
 - Level 2.0 Dodging
 * Level 4.8 Unarmed Combat
 - Level 2.0 Spellcasting
 - Level 2.0 Transmutations


You had 6 spell levels left.
You knew the following spells:

 Your Spells              Type           Power      Damage    Failure   Level
a - Beastly Appendage     Tmut           16%        N/A       9%          1

Your spell library contained the following spells:

 Spells                   Type           Power      Damage    Failure   Level
 Wereblood                Tmut           8%         N/A       13%         2
 Spider Form              Tmut/Pois      5%         N/A       36%         3
 Ice Form                 Ice/Tmut       5%         N/A       77%         4


Dungeon Overview and Level Annotations

Branches:
Dungeon (4/15)             Temple (1/1) D:4

Altars:
Ashenzari
Cheibriados
Dithmenos
Elyvilon
Fedhas
Gozag
Kikubaaqudgha
Makhleb
Nemelex Xobeh
Qazlal
Sif Muna
Trog
Uskayaw
Wu Jian
Xom
Yredelemnul
Zin
The Shining One

Shops:
D:1 :(!*

Annotations:
D:4 Grinder


Innate Abilities, Weirdness & Mutations

One of your tentacles has grown a beastly spike.
You cannot wear most types of armour.
You are amphibious.
You can wear up to eight rings at the same time.
Your skin changes colour to match your surroundings (Stealth+).
Your rubbery body absorbs attacks. (AC +1, EV +1)
((You are camouflaged when in or above water. (Stealth+)))
You have tentacles for arms and can constrict up to eight enemies at once.


Message History

Found a stone staircase leading up.
h - a blue potion
Found a rapier.
No target in view!
i - a fizzy red potion Grinder comes into view.
Found a fizzy red potion.
Grinder is nearby!
Found a scroll labelled MOCAUM QAGOEMU.
Found a fizzy red potion.
Found a masterwork rapier.
j - a scroll labelled MOCAUM QAGOEMU
i - 2 fizzy red potions (gained 1) Grinder blinks!
i - 3 fizzy red potions (gained 1)
Casting: Beastly Appendage (safe; 9% risk of failure)
Confirm with . or Enter, or press ? or * to list all spells.
One of your tentacles grows a vicious spike.
No target in view!
Grinder hits you!
You writhe in agony.
You barely miss Grinder. Your grab misses Grinder. Grinder gestures at you.
You barely resist. You completely miss Grinder. You grab Grinder.
You constrict Grinder, but do no damage.
Grinder hits you!
* * * LOW HITPOINT WARNING * * *
You writhe in agony.
* * * LOW HITPOINT WARNING * * *
You tentacle-slap Grinder but do no damage.
You squeeze Grinder, but do no damage. You constrict Grinder. Grinder hits you.
* * * LOW HITPOINT WARNING * * *
You tentacle-slap Grinder.
Grinder is lightly wounded.
You constrict Grinder. Grinder barely misses you.
You tentacle-slap Grinder but do no damage.
Grinder is lightly wounded.
You constrict Grinder, but do no damage.
Grinder hits you!
You die...

...#...##.).............##.
#.........................
#...#....................#
.....######...#...........##
#..#..#......####...........
#. #..........#............#
# #....#....................
.... #....................
.. #.##@.##.............
##.5..##....##.......
#..........#....[...
##..).........##....
..........#..#..###
.###.......#......#. .
.......##..#.... .
.......#....###.
..........#>


You could see Grinder.

Vanquished Creatures
  A hound (D:4)
  An adder (D:4)
  2 dart slugs
  An endoplasm (D:1)
  3 giant cockroaches (D:1)
  A goblin (D:1)
  3 hobgoblins
  2 ball pythons
  A bat (D:1)
  A frilled lizard (D:1)
  2 kobolds (D:1)
  A rat (D:1)
19 creatures vanquished.

Notes
Turn   | Place    | Note
-------+----------+-------------------------------------------
     0 | D:1      | Leeroy the Octopode Transmuter began the quest for the Orb.
     0 | D:1      | Reached XP level 1. HP: 13/13 MP: 3/3
   245 | D:1      | Found Rickiwei's Assorted Antiques.
   259 | D:1      | Reached XP level 2. HP: 8/18 MP: 5/5
   370 | D:1      | Found Nilubb's Distillery.
   578 | D:1      | Found a faded altar of an unknown god.
   636 | D:1      | Found Xiump's Weapon Emporium.
   649 | D:1      | Found Nilubb's Book Shoppe.
   843 | D:2      | You fall into a shaft and drop 2 floors!
   853 | D:4      | Reached skill level 4 in Unarmed Combat
   883 | D:4      | Found a staircase to the Ecumenical Temple.
   890 | D:4      | Reached XP level 3. HP: 23/23 MP: 6/6
   898 | Temple   | Entered the Ecumenical Temple
   938 | Temple   | Became a worshipper of the Wu Jian Council
  1075 | D:4      | Reached XP level 4. HP: 9/28 MP: 7/7
  1177 | D:4      | Noticed Grinder
  1206 | D:4      | Slain by Grinder

Illustrated notes

Levels and vault maps discovered:
D:1:      matt_arrival_los_fun, layout_basic,
          hellmonk_ecumenical_altar_inner_sanctum, serial_shops,
          nicolae_shop_crystal, shop, nicolae_shop_trees,
          nicolae_shop_temple_entry_statues_fountains, bh_walls_and_bars
D:2:      layout_basic, serial_shops, shop
D:4:      layout_cave_pools, minmay_temple_entry_ruins, minmay_between,
          uniq_grinder
Temple:   regret_index_temple_mists

Skill      XL: |  1  2 |
---------------+-------+-----
Unarmed Combat | 4 |  4.8
Fighting       | |  1.0
Dodging        | |  2.0
Spellcasting   | |  2.0
Transmutations | |  2.0

Action                     |  1- 3 |  4- 6 || total
---------------------------+-------+-------++-------
  Melee: Unarmed           |    41 |     5 ||    46
         Constrict         |    11 |     1 ||    12
         Tentacles         |    11 |     1 ||    12
         Punch             |     1 |       ||     1
         Kick              |     2 |       ||     2
   Cast: Beastly Appendage |     1 |     1 ||     2
Ability: Lunge             |     1 |       ||     1
 Armour: Skin              |     3 |       ||     3
  Dodge: Dodged            |    17 |     1 ||    18

Table legend: (Time is in decaauts)
 A = Elapsed time spent in this place.
 B = Non-inter-level travel time spent in this place.
 C = Inter-level travel time spent in this place.
 D = Time resting spent in this place.
 E = Time spent auto-exploring this place.
 F = Levels seen in this place.
 G = Mean time per level.
                   A        B        C        D        E       F      G
               +--------+--------+--------+--------+--------+-----+--------+
         Total |   1203 |   1171 |     32 |      0 |    981 |   4 |  300.8 |
       Dungeon |   1047 |   1035 |     12 |      0 |    878 |   3 |  349.0 |
        Temple |    155 |    135 |     20 |      0 |    103 |   1 |  155.0 |
               +--------+--------+--------+--------+--------+-----+--------+

Top non-repeatable levels by time:
     D:1: 837 daAuts
     D:4: 206 daAuts
  Temple: 155 daAuts
     D:2: 3 daAuts
